 Dungeon Crawl Stone Soup version 0.27-a0-765-ge4d627daa3 (webtiles) character file.

Game seed: 4959640709021411697

43 dickylongcocking the Magician (level 3, -4/27 HPs)
             Began as a Djinni Venom Mage on Mar 25, 2021.
             Slain by Grinder (5 damage)
             ... on level 3 of the Dungeon.
             The game lasted 00:03:00 (3787 turns).

dickylongcocking the Magician (Djinni Venom Mage)   Turns: 3787, Time: 00:03:01

Health: -4/27      AC:  2    Str:  7    XL:     3   Next: 58%
Gold:   143        EV: 12    Int: 17    God:
                   SH:  0    Dex: 13

rFire    + + .     SeeInvis .   j - +0 whip
rCold    x . .     Faith    .   (no shield)
rNeg     . . .     Spirit   .   a - +0 robe
rPois    ∞         Reflect  .   (no helmet)
rElec    .         Harm     .   (no cloak)
rCorr    .         Rampage  .   (no gloves)
Will     .....                  (boots unavailable)
Stlth    ++........             (no amulet)
HPRegen  0.09/turn              (no ring)
MPRegen  0.00/turn              (no ring)

@: flying
A: fire resistance 2, cold vulnerability 1, float, innate caster, hp casting,
extra vitality 1
a: no special abilities


You were on level 3 of the Dungeon.
You visited 1 branch of the dungeon, and saw 3 of its levels.

You collected 143 gold pieces.

Inventory:

Hand Weapons
 b - a +0 club
 j - a +0 whip (weapon)
Armour
 a - a +0 robe (worn)
Scrolls
 c - 3 scrolls of identify
 d - a scroll of magic mapping
 e - 3 scrolls of teleportation {unknown}
 f - a scroll of fog {unknown}
 g - a scroll of amnesia {unknown}
 h - a scroll of vulnerability {unknown}
 i - a scroll of brand weapon {unknown}


   Skills:
 * Level 1.4 Fighting
 * Level 1.1 Maces & Flails
 - Level 2.3 Dodging
 - Level 1.6 Stealth
 - Level 3.1 Spellcasting


You couldn't memorise any spells.
You knew the following spells:

 Your Spells              Type           Power      Damage    Failure   Level
a - Sting                 Tmut/Pois      52%        1d5       4%          1
c - Mephitic Cloud        Conj/Pois/Air  13%        N/A       14%         3
d - Ignite Poison         Fire/Tmut/Pois 13%        N/A       14%         3
e - Olgreb's Toxic Radia  Pois           13%        N/A       43%         4
f - Foxfire               Conj/Fire      52%        2x1d6     4%          1
p - Poisonous Vapours     Pois/Air       26%        N/A       7%          2
Your spell library was empty.

Dungeon Overview and Level Annotations

Branches:
Dungeon (3/15)

Altars:
Ashenzari
Kikubaaqudgha
Sif Muna
Uskayaw
Vehumet
Yredelemnul
Zin
The Shining One

Shops:
D:1 [==?

Annotations:
D:3 Grinder


Innate Abilities, Weirdness & Mutations

You are immune to poison.
Your flesh is very heat resistant. (rF++)
You are vulnerable to cold. (rC-)
You float through the air rather than walking.
You learn spells naturally, not from books.
Your magical power is your life essence.
You have superior vitality. (+4 HP)


Message History

Where to? (Enter - D:2 @ (x,y), ? - help)
There is a stone staircase leading up here.
You see here a +0 whip.
Unknown command.
Unknown command.
j - a +0 whip (weapon)
(D) Dungeon
Where to? (Enter - D:2 @ (x,y), ? - help)
There is a stone staircase leading down here.
You fly downwards.
A ball python comes into view.
The ball python hisses angrily.
Found 11 gold pieces.
There is a stone staircase leading up here.
Unknown command.
A ball python is nearby!
A ball python is nearby!
Grinder comes into view.
There are monsters nearby!
Grinder shouts!
You hit the ball python.
You kill the ball python!
A kobold comes into view. It is wielding a +3 short sword.
Grinder says, "My boss said I was rubbish.
His entrails said otherwise."
You see here a ball python corpse.
The kobold shouts!
Grinder hits you!
You completely miss Grinder. Grinder gestures at you.
Pain shoots through your body!
Unknown command.
You aren't carrying any potions.
Unknown command.
As you read the scroll labelled QUOCELIKKO, it crumbles to dust.
It is a scroll of identify.
d - a scroll of magic mapping Grinder hits you!
* * * LOW HITPOINT WARNING * * *
You writhe in agony.
You die...

##### #. ##...##
#. #.....####
####.####.........
##..........K..#
..........†@5.#
##..........###
............###
#.....<........
#........$####.#
#.......#.#
##.######... #
#..## ..#


You could see Grinder and a kobold.

Vanquished Creatures
  An adder (D:2)
  4 bats (D:1)
  3 endoplasms (D:1)
  5 goblins
  3 hobgoblins
  2 kobolds (D:1)
  2 quokkas
  6 ball pythons
  3 frilled lizards
  3 rats
32 creatures vanquished.

Notes
Turn   | Place    | Note
-------+----------+-------------------------------------------
     0 | D:1      | dickylongcocking the Djinni Venom Mage began the quest for
                  | the Orb.
     0 | D:1      | Reached XP level 1. HP: 15/15 MP: 0/0
   246 | D:1      | Reached skill level 3 in Spellcasting
   246 | D:1      | Found Lorchuss's Jewellery Shop.
   319 | D:1      | Found Vepsuoxt's Magic Scroll Emporium.
   334 | D:1      | Reached XP level 2. HP: 19/21 MP: 0/0
   460 | D:1      | Found Gigutep's Jewellery Boutique.
  1427 | D:1      | Found Zaloirgh's Antique Armour Emporium.
  2453 | D:2      | Reached XP level 3. HP: 20/26 MP: 0/0
  2453 | D:2      | Learned a level 1 spell: Foxfire
  2586 | D:2      | Reached skill level 1 in Fighting
  2675 | D:2      | Found a glowing silver altar of Zin.
  2676 | D:2      | Found a hide-covered altar of Uskayaw.
  2676 | D:2      | Found a glowing golden altar of the Shining One.
  2676 | D:2      | Found a basalt altar of Yredelemnul.
  2678 | D:2      | Found a broken altar of Ashenzari.
  2950 | D:2      | Reached skill level 1 in Maces & Flails
  3781 | D:3      | Noticed Grinder
  3787 | D:3      | HP: 1/27 [Grinder (10)]
  3787 | D:3      | Slain by Grinder

Illustrated notes

Levels and vault maps discovered:
D:1:      beargit_arrival_greenhouse, layout_basic, serial_shops, shop,
          nicolae_shop_waterfront, shop_coins, shop, minmay_pentomino_w2
D:2:      layout_loops_ring, minitemple, serial_bayou_pond_e, serial_park_tiny_2
D:3:      layout_loops_ring, okawaru_altar_gauntlet_db, serial_shops, shop,
          uniq_natasha, uniq_sigmund, uniq_grinder

Skill      XL: |  1  2  3 |
---------------+----------+-----
Spellcasting   | 3 |  3.1
Fighting       | 1 |  1.4
Maces & Flails | 1 |  1.1
Dodging        | |  2.3
Stealth        | |  1.6

Action                   || total
-------------------------++-------
Melee: Club              ||    81
       Whip              ||     2
 Cast: Sting             ||    32
       Poisonous Vapours ||     3
  Use: Scroll            ||     1
 Stab: Sleeping          ||     1
Armor: Robe              ||    29
Dodge: Dodged            ||    93

Table legend: (Time is in decaauts)
 A = Elapsed time spent in this place.
 B = Non-inter-level travel time spent in this place.
 C = Inter-level travel time spent in this place.
 D = Time resting spent in this place.
 E = Time spent auto-exploring this place.
 F = Levels seen in this place.
 G = Mean time per level.
                   A        B        C        D        E       F      G
               +--------+--------+--------+--------+--------+-----+--------+
         Total |   3809 |   3683 |    126 |    881 |   2452 |   3 | 1269.7 |
       Dungeon |   3809 |   3683 |    126 |    881 |   2452 |   3 | 1269.7 |
               +--------+--------+--------+--------+--------+-----+--------+

Top non-repeatable levels by time:
     D:1: 2430 daAuts
     D:2: 1336 daAuts
     D:3: 41 daAuts
